Map: Abyssal Reef LE

Players

Dauntless

  • Race: Protoss Protoss
  • Spawn Location: 11:00

A.I. 1 (Very Easy) - Winner!

  • Race: Zerg Zerg
  • Spawn Location: 5:00

VOD

Have the link to the VOD?

Description

Time

  • Played on: Dec. 23, 2017, 6:55 p.m.
  • Length: 15:16
Show
View Real Time Build Order
Export as new Build Order

Dauntless Protoss 

Build Orders: Cannon Rush 

Get SALT Encoding   

  12  0:01  Probe  
  13  0:13  Probe  
  14  0:17  Pylon  
  14  0:25  Probe  
  15  0:37  Probe  
  16  0:47  Forge  
  16  0:51  Probe  
  16  0:56  Pylon  
  17  1:18  Pylon  
  17  1:23  Pylon  
  17  1:30  Photon Cannon  
  17  1:37  Pylon  
  17  1:45  Photon Cannon  
  17  1:52  Photon Cannon  
  17  1:57  Photon Cannon  
  17  2:09  Pylon  
  17  2:15  Pylon  
  17  2:19  Pylon  
  17  2:21  Probe  
  18  2:36  Photon Cannon  
  18  2:54  Photon Cannon  
  18  2:57  Photon Cannon  
  18  3:09  Photon Cannon  
  18  3:15  Photon Cannon  
  18  3:18  Probe  
  19  3:31  Photon Cannon  
  19  3:45  Probe (Chrono Boost)  
  21  3:56  Probe (Chrono Boost)  
  21  4:00  Probe (Chrono Boost)  
  22  4:11  Probe  
  23  4:23  Probe  
  24  4:35  Probe  
  25  4:47  Probe  
  26  5:34  Nexus  
  26  6:42  Nexus  
  26  6:46  Probe  
  27  6:58  Probe  
  28  7:11  Probe  
  29  7:23  Probe  
  30  7:35  Probe  
Show
View Real Time Build Order
Export as new Build Order

A.I. 1 (Very Easy) Zerg - Winner!

Build Orders: Hatch First 

Get SALT Encoding   

  12  0:01  Drone  
  13  0:12  Overlord  
  13  0:16  Drone  
  14  0:45  Hatchery  
  14  0:46  Drone  
  14  1:04  Spawning Pool  
  14  1:06  Extractor  
  14  1:09  Drone  
  13  1:16  Drone  
  14  1:22  Overlord  
  14  1:52  Zergling x2  
  15  1:54  Zergling x2, Queen  
  18  2:02  Drone  
  17  2:16  Zergling x2  
  17  2:21  Roach Warren  
  17  2:22  Drone  
  17  2:23  Extractor  
  17  2:29  Drone  
  17  2:32  Zergling x2  
  14  3:03  Spawning Pool  
  12  3:27  Spawning Pool  
  11  3:36  Drone  
  12  3:43  Drone  
  13  3:50  Drone  
  12  3:58  Drone  
  12  4:01  Extractor  
  12  4:05  Drone  
  12  4:16  Drone  
  13  4:24  Drone  
  12  4:29  Extractor  
  12  4:31  Drone  
  11  4:38  Drone  
  11  4:45  Drone  
  11  4:52  Spawning Pool  
  7  5:25  Extractor  
  7  5:27  Spawning Pool  
  5  5:47  Drone  
  6  5:57  Spawning Pool  
  5  6:23  Drone  
  6  7:13  Spawning Pool  
  5  7:17  Drone  
  6  7:27  Drone  
  7  8:37  Extractor  
  7  8:39  Drone  
  7  8:48  Drone  
  8  8:56  Drone  
  9  9:08  Extractor  
  8  9:11  Spawning Pool  
  7  9:31  Spawning Pool  
  6  10:10  Drone  
  6  10:26  Drone, Spawning Pool  
  6  10:34  Extractor  
  5  10:41  Drone  
Tags
 
Add a new tag
Caveats
  • Supply blocks, unpowered buildings, or Contaminate may cause inaccurate times.
  • Supply counts are checked every 10 seconds.